 Dungeon Crawl Stone Soup version 0.28-a0-474-g535839065c (webtiles) character file.

Game seed: 16518604397293813273

4921 omnomnOMINOUS the Conjurer (level 10, -16/62 HPs)
             Began as an Octopode Wanderer on Sept 15, 2021.
             Was a High Priest of Hepliaklqana.
             Demolished by a cane toad (24 damage)
             ... on level 1 of the Lair of Beasts.
             The game lasted 00:29:56 (11411 turns).

omnomnOMINOUS the Conjurer (Octopode Wanderer)     Turns: 11411, Time: 00:29:57

Health: -16/62     AC:  1    Str: 17    XL:     10   Next: 52%
Magic:  12/22      EV: 15    Int: 16    God:    Hepliaklqana [*****.]
Gold:   211        SH:  0    Dex: 14    Spells: 4/13 levels left

rFire   + . .      SeeInvis +   a - +3 halberd
rCold   . . .      Faith    .   (shield currently unavailable)
rNeg    + . .      Spirit   .   (helmet restricted)
rPois   .          Reflect  .   (no amulet)
rElec   .          Harm     .   g - ring of see invisible
rCorr   .          Rampage  .   h - +6 ring of strength
Will    .....                   o - ring of positive energy
Stlth   +++.......              x - ring of protection from fire
HPRegen 0.20/turn               y - ring of magical power
MPRegen 0.18/turn               G - ring of flight
                                (no ring)
                                (no ring)

@: brilliant, about to teleport, flying, very slightly contaminated
A: reduced essence, almost no armour, amphibious, 8 rings, camouflage 1,
gelatinous body 1, (nimble swimmer 1), tentacles
a: Renounce Religion, Recall Ancestor, Ancestor Identity, Transference, Idealise


You were on level 1 of the Lair of Beasts.
You worshipped Hepliaklqana.
Hepliaklqana was extremely pleased with you.
You visited 2 branches of the dungeon, and saw 10 of its levels.

You collected 497 gold pieces.
You spent 286 gold pieces at shops.

Inventory:

Hand Weapons
 a - a +3 halberd (weapon)
 b - a +2 spear
 c - a +2 scythe of distortion
 i - a +2 vampiric hand axe
 I - a +4 quarterstaff of chaos
 J - a +2 glaive of venom
Missiles
 d - 2 throwing nets (quivered)
 F - 2 curare-tipped darts
Armour
 M - a +0 buckler
Magical Staves
 m - a staff of earth
Jewellery
 g - a ring of see invisible (left tentacle)
 h - a +6 ring of strength (right tentacle)
 o - a ring of positive energy (on tentacle)
 q - a ring of fire
 x - a ring of protection from fire (on tentacle)
 y - a ring of magical power (on tentacle)
 G - a ring of flight (on tentacle)
Wands
 w - a wand of iceblast (7)
 K - a wand of paralysis (13)
Scrolls
 e - 4 scrolls of immolation
 f - a scroll of brand weapon {unknown}
 j - 3 scrolls of teleportation
 k - 4 scrolls of magic mapping
 l - a scroll of vulnerability {unknown}
 p - a scroll of blinking {unknown}
 s - 3 scrolls of amnesia
 t - a scroll of noise {unknown}
 z - 2 scrolls of fear {unknown}
 A - a scroll of acquirement {unknown}
 E - 2 scrolls of enchant weapon {unknown}
 L - a scroll of fog {unknown}
Potions
 n - a potion of lignification
 r - a potion of brilliance
 u - a potion of magic
 v - 2 potions of haste
 B - 2 potions of resistance {unknown}
 C - a potion of might
 D - a potion of curing
 H - a potion of flight {unknown}


   Skills:
 + Level 6.4 Fighting
 - Level 1.0 Throwing
 + Level 6.3 Dodging
 - Level 1.3 Stealth
 - Level 2.0 Spellcasting
 + Level 7.7 Conjurations
 - Level 2.0 Transmutations
 + Level 7.0 Ice Magic
 + Level 6.9 Air Magic


You had 4 spell levels left.
You knew the following spells:

 Your Spells              Type           Power      Damage    Failure   Level
a - Freeze                Ice            100%       1d11      1%          1
b - Mephitic Cloud        Conj/Pois/Air  25%        N/A       9%          3
c - Freezing Cloud        Conj/Ice/Air   18%        6-21      28%         5

Your spell library contained the following spells:

 Spells                   Type           Power      Damage    Failure   Level
 Frozen Ramparts          Ice            72%        1d9       3%          3
 Foxfire                  Conj/Fire      84%        2x1d8     4%          1
 Ensorcelled Hibernation  Hex/Ice        38%        N/A       8%          2
 Stone Arrow              Conj/Erth      42%        3d9       13%         3
 Animate Skeleton         Necr           4%         N/A       21%         1
 Pain                     Necr           8%         1d4       21%         1
 Ignite Poison            Fire/Tmut/Pois 5%         N/A       43%         3
 Call Canine Familiar     Summ           2%         N/A       52%         3
 Portal Projectile        Hex/Tloc       4%         N/A       52%         3
 Tukima's Dance           Hex            2%         N/A       52%         3
 Vampiric Draining        Necr           1%         2d6       52%         3
 Leda's Liquefaction      Hex/Erth       1%         N/A       90%         4
 Lee's Rapid Deconstruct  Erth           1%         3d5*      99%         5
 Statue Form              Tmut/Erth      4%         N/A       100%        6


Dungeon Overview and Level Annotations

Branches:
Dungeon (9/15)             Temple (0/1) D:4            Lair (1/6) D:8
    Orc: D:9-12

Altars:
Hepliaklqana
Trog
Zin

Shops:
D:2 ?   D:7 !

Annotations:
D:5 1 runed translucent door, exclusion: vampire, Phlounder's ghost, novice DjFE
D:7 2 transporters, Grum; lunkers's ghost, novice DjAE


Innate Abilities, Weirdness & Mutations

Your life essence is reduced to manifest your ancestor. (-10% HP)
You cannot wear most types of armour.
You are amphibious.
You can wear up to eight rings at the same time.
Your skin changes colour to match your surroundings (Stealth+).
Your rubbery body absorbs attacks. (AC +1, EV +1)
((You are camouflaged near water. (Stealth+)))
You have tentacles for arms and can constrict up to eight enemies at once.


Message History

Okay, then.
Unknown command.
As you read the scroll of teleportation, it crumbles to dust.
You feel strangely unstable.
Omcestor hits the blink frog with a +0 dagger of draining.
The blink frog barely misses you.
A black bear comes into view.
Unknown command.
You swap places.
The blink frog closely misses you.
The cane toad completely misses omcestor.
Omcestor hits the blink frog with a +0 dagger of draining.
Omcestor drains the blink frog.
The blink frog dies!
The blink frog barely misses you.
The blink frog blinks!
Your Ice Magic skill increases to level 7!
Casting: Freezing Cloud (quite dangerous; 28% risk of failure)
Confirm with . or Enter, or press ? or * to list all spells.
The spell is quite dangerous to cast (28% risk of failure)!
Continue anyway?
Aiming: Freezing Cloud (quite dangerous; 28% risk of failure)
Press: ? - help, Dir - move target, p - cane toad
Okay, then.
Unknown command.
Casting: Freezing Cloud (quite dangerous; 28% risk of failure)
Confirm with . or Enter, or press ? or * to list all spells.
Aiming: Mephitic Cloud (dangerous; 9% risk of failure)
Press: ? - help, Shift-Dir - straight line, p - cane toad You feel a surge of power!
The ball explodes into a vile cloud!
The stinking cloud engulfs the blink frog but does no damage.
The blink frog is heavily wounded.
The stinking cloud engulfs the komodo dragon but does no damage.
The komodo dragon is lightly wounded.
The komodo dragon seems less confused.
The blink frog hits you!
* * * LOW HITPOINT WARNING * * *
The blink frog blinks!
Omcestor hits the cane toad with a +0 dagger of draining!
The blink frog blinks!
The blink frog hits the blink frog!!
The komodo dragon is engulfed in noxious fumes.
The komodo dragon appears confused.
The komodo dragon misses you. The cane toad stings you!!
You die...

#.....
#.... #...P
#...##
##.F.. .
#F..☼## ..
##.=.l#
.h.##...F@#
...§....R§#
.......§.##
.........#
...###..<#
.. #.F.# .
#F..# #...#
#....


You could see the friendly omcestor the hexer, a komodo dragon (confused), a
cane toad and 4 blink frogs.

Vanquished Creatures
  Harold (D:7)
  Grinder (D:5)
  Sigmund (D:3)
  A wyvern (D:8)
  A yak (D:8)
  An orc warrior (D:8)
  An ice beast (D:5)
  A black bear (D:7)
  4 necrophages
  A centaur (D:7)
  A phantom (D:4)
  A kobold brigand (D:7)
  4 bullfrogs
  2 scorpions
  Dowan (D:7)
  A wyvern skeleton (D:7)
  A howler monkey (D:6)
  5 wights
  2 centaur zombies (D:8)
  A jelly (D:4)
  4 hounds
  Crazy Yiuf (D:7)
  3 orc priests
  A scorpion zombie (D:5)
  2 orc wizards (D:8)
  A hexer (D:7)
  6 adders
  4 gnolls
  4 river rats (D:6)
  A shadow imp (D:8)
  2 worms (D:2)
  3 dart slugs (D:4)
  10 orcs
  6 ball pythons
  9 endoplasms
  4 giant cockroaches
  8 goblins
  9 hobgoblins
  10 jackals (D:2)
  2 quokkas
  5 bats
  5 frilled lizards
  7 kobolds
  7 rats
146 creatures vanquished.

Vanquished Creatures (collateral kills)
  A blink frog (Lair:1)
  A wyvern (D:8)
  Duvessa (D:7)
  A water moccasin (D:6)
  An orc warrior (D:6)
  A necrophage (D:5)
  An ogre (D:4)
  A centaur (D:8)
  A kobold brigand (D:8)
  A bullfrog (D:6)
  A scorpion (D:4)
  A wyvern zombie (D:7)
  2 wights
  A gnoll shaman (D:5)
  An iguana (D:4)
  An orc wizard (D:4)
  A howler monkey zombie (D:8)
  3 gnolls (D:5)
  A shadow imp (D:8)
  7 orcs
  2 kobolds (D:7)
  2 frilled lizards (D:3)
33 creatures vanquished.

Vanquished Creatures (others)
  2 hexers
  A fungus (Lair:1)
  24 plants
27 creatures vanquished.

Grand Total: 206 creatures vanquished

Notes
Turn   | Place    | Note
-------+----------+-------------------------------------------
     0 | D:1      | omnomnOMINOUS the Octopode Wanderer began the quest for the
                  | Orb.
     0 | D:1      | omnomnOMINOUS set off with the following items: a +2 spear;
                  | and the following spells available to memorise: Foxfire,
                  | Freeze, Stone Arrow, Frozen Ramparts
     0 | D:1      | Reached XP level 1. HP: 16/16 MP: 1/1
    50 | D:1      | Reached skill level 1 in Dodging
    50 | D:1      | Reached XP level 2. HP: 8/21 MP: 1/3
    54 | D:1      | Reached skill level 1 in Spellcasting
   577 | D:1      | Reached XP level 3. HP: 23/26 MP: 5/5
   579 | D:1      | Learned a level 1 spell: Freeze
   583 | D:1      | Learned a level 3 spell: Mephitic Cloud
  1240 | D:2      | Reached XP level 4. HP: 31/31 MP: 6/6
  1471 | D:2      | Reached skill level 1 in Ice Magic
  1653 | D:2      | Reached skill level 1 in Air Magic
  1676 | D:2      | Found a faded altar of an unknown god.
  1977 | D:2      | Became a worshipper of Hepliaklqana the Forgotten
  1977 | D:2      | Reached * piety under Hepliaklqana
  2092 | D:2      | Reached XP level 5. HP: 32/32 MP: 8/8
  2110 | D:2      | Found Orphoaff's Magic Scroll Shop.
  2128 | D:2      | Bought a scroll of teleportation for 33 gold pieces
  2447 | D:3      | Reached ** piety under Hepliaklqana
  2448 | D:3      | Remembered your ancestor omcestor as a hexer
  2595 | D:3      | Noticed Sigmund
  2609 | D:3      | Killed Sigmund
  2610 | D:3      | Reached XP level 6. HP: 37/37 MP: 9/9
  3302 | D:4      | Found a staircase to the Ecumenical Temple.
  3616 | D:4      | Reached XP level 7. HP: 35/41 MP: 10/10
  4281 | D:4      | Reached *** piety under Hepliaklqana
  4355 | D:4      | Reached skill level 5 in Conjurations
  4608 | D:4      | Found a glowing silver altar of Zin.
  4646 | D:4      | Learned a level 5 spell: Freezing Cloud
  4703 | D:5      | Entered Level 5 of the Dungeon
  4744 | D:5      | Noticed a vampire
  4767 | D:5      | Identified the +4 leather armour of Luyn {+Inv Will++}
  4867 | D:5      | Reached XP level 8. HP: 31/46 MP: 11/11
  5021 | D:5      | Found a runed translucent door.
  5949 | D:5      | Noticed Grinder
  5972 | D:5      | Killed Grinder
  5973 | D:5      | Reached skill level 5 in Ice Magic
  6164 | D:5      | Noticed Phlounder's ghost (novice DjFE)
  6323 | D:6      | Reached skill level 5 in Air Magic
  6558 | D:6      | Found a bloodstained altar of Trog.
  6562 | D:6      | Reached XP level 9. HP: 44/53 MP: 12/12
  7442 | D:6      | Reached **** piety under Hepliaklqana
  7927 | D:2      | Bought a scroll of identify for 22 gold pieces
  7927 | D:2      | Bought a scroll of teleportation for 33 gold pieces
  7927 | D:2      | Bought a scroll of magic mapping for 38 gold pieces
  8067 | D:7      | Noticed Harold
  8176 | D:7      | Found Avalasma's Distillery.
  8395 | D:7      | Killed Harold
  8396 | D:7      | Reached skill level 5 in Fighting
  8396 | D:7      | Reached skill level 5 in Dodging
  8590 | D:7      | Reached XP level 10. HP: 61/61 MP: 13/13
  8591 | D:7      | Bought a potion of might for 64 gold pieces
  8591 | D:7      | Bought a potion of curing for 48 gold pieces
  8591 | D:7      | Bought a potion of curing for 48 gold pieces
  8926 | D:7      | Found a transporter.
  8927 | D:7      | Found a transporter.
  8927 | D:7      | Identified the +5 trident "Bit Ygeo" {venom, *Slow rElec
                  | rPois Dex+5}
  9040 | D:7      | Found a runed translucent door.
  9041 | D:7      | Noticed Crazy Yiuf
  9109 | D:7      | Noticed Duvessa
  9110 | D:7      | Noticed Dowan
  9122 | D:7      | Killed Duvessa
  9131 | D:7      | Killed Dowan
  9313 | D:7      | Identified the ring of Hemeelug {rF+ Str+6}
  9325 | D:7      | Noticed lunkers's ghost (novice DjAE)
  9617 | D:7      | Noticed Grum
  9684 | D:7      | Killed Crazy Yiuf
 10043 | D:8      | Found a staircase to the Lair.
 10300 | D:8      | Reached ***** piety under Hepliaklqana
 11320 | D:9      | Noticed a two-headed ogre
 11396 | Lair:1   | Entered Level 1 of the Lair of Beasts
 11405 | Lair:1   | Noticed a cane toad
 11411 | Lair:1   | Demolished by a cane toad

Illustrated notes

Levels and vault maps discovered:
D:1:      scummos_arrival_star, layout_rooms
D:2:      layout_basic, serial_shops, shop, ebering_ecumenical_altar_ruins
D:3:      layout_basic, uniq_sigmund
D:4:      layout_rooms, zin_scriptorium, minmay_temple_entry_drinking_statues
D:5:      layout_loops_corners, ebering_ghost_sewer_d, kennysheep_windowed_goal,
          uniq_grinder
D:6:      wad_woods_stonehenge, layout_basic
D:7:      layout_cave_pools, gammafunk_ghost_gnarly_gnolls, serial_shops,
          shop_fountains, uniq_duvessa, uniq_harold, uniq_crazy_yiuf_cottage
D:8:      minmay_general_purpose_star, layout_layer_cave, dpeg_oklobed_lair
D:9:      layout_cave_pools, serial_shops, nicolae_square_shop,
          kennysheep_decorative_pillar
Lair:1:   layout_long_grid, grunt_megastairs_3

Skill      XL: |  1  2  3  4  5  6  7  8  9 10 |
---------------+-------------------------------+-----
Dodging        | 1 2 3 4 5 6 |  6.3
Spellcasting   | 1 2 |  2.0
Ice Magic      | 1 2 3 4 5 6 7 |  7.0
Air Magic      | 1 2 4 5 6 |  6.9
Conjurations   | 4 5 6 7 |  7.7
Fighting       | 4 5 6 |  6.4
Throwing       | |  1.0
Stealth        | |  1.3
Transmutations | |  2.0

Action                   |  1- 3 |  4- 6 |  7- 9 | 10-12 || total
-------------------------+-------+-------+-------+-------++-------
Melee: Spear             |    73 |   103 |   131 |       ||   307
       Constrict         |    15 |    21 |    32 |    14 ||    82
       Tentacles         |     9 |    16 |    29 |    15 ||    69
       Halberd           |       |       |    36 |    67 ||   103
 Cast: Freeze            |     1 |    13 |       |       ||    14
       Mephitic Cloud    |       |       |     5 |     9 ||    14
       Freezing Cloud    |       |       |     2 |       ||     2
Invok: Ancestor Identity |       |     1 |       |       ||     1
       Recall Ancestor   |       |     1 |     3 |       ||     4
       Ancestor Life: He |       |     1 |       |       ||     1
Evoke: Wand              |       |       |     1 |       ||     1
  Use: Scroll            |       |       |     8 |     2 ||    10
       Potion            |       |       |     6 |     3 ||     9
 Stab: Sleeping          |     5 |     9 |     9 |       ||    23
       Confused          |       |       |     8 |     4 ||    12
       Distracted        |       |       |     3 |       ||     3
Armor: Skin              |     4 |     3 |    12 |     3 ||    22
Dodge: Dodged            |    30 |    51 |    67 |    52 ||   200

Table legend: (Time is in decaauts)
 A = Elapsed time spent in this place.
 B = Non-inter-level travel time spent in this place.
 C = Inter-level travel time spent in this place.
 D = Time resting spent in this place.
 E = Time spent auto-exploring this place.
 F = Levels seen in this place.
 G = Mean time per level.
                   A        B        C        D        E       F      G
               +--------+--------+--------+--------+--------+-----+--------+
         Total |  11514 |  11026 |    488 |   2869 |   6484 |  10 | 1151.4 |
       Dungeon |  11499 |  11011 |    488 |   2869 |   6484 |   9 | 1277.7 |
          Lair |     15 |     15 |      0 |      0 |      0 |   1 |   15.0 |
               +--------+--------+--------+--------+--------+-----+--------+

Top non-repeatable levels by time:
     D:5: 1899 daAuts
     D:6: 1674 daAuts
     D:8: 1595 daAuts
     D:2: 1521 daAuts
     D:7: 1481 daAuts
     D:4: 1212 daAuts
     D:3: 1163 daAuts
     D:1: 934 daAuts
  Lair:1: 15 daAuts
     D:9: 15 daAuts
